 Dungeon Crawl Stone Soup version 0.22.1-2-g9c5b331 (webtiles) character file.

24950 WarriorsX the Cleaver (level 13, -3/106 HPs)
             Began as a Human Berserker on Dec 14, 2018.
             Was a High Priest of Trog.
             Slain by a sixfirhy (9 damage)
             ... led by a cacodemon
             ... on level 1 of the Abyss on Dec 15, 2018.
             The game lasted 01:10:59 (18767 turns).

WarriorsX the Cleaver (Human Berserker)            Turns: 18767, Time: 01:11:00

Health: -3/106     AC: 21    Str: 21    XL:     13   Next: 46%
Magic:  16/16      EV: 10    Int:  8    God:    Trog [*****.]
Gold:   739        SH:  0    Dex: 14    Spells: 12/12 levels left

rFire    . . .     SeeInvis .   E - +0 battleaxe (flame)
rCold    . . .     Gourm    .   (shield currently unavailable)
rNeg     . . .     Faith    .   z - +0 plate armour
rPois    +         Spirit   .   m - +2 helmet
rElec    .         Reflect  .   (no cloak)
rCorr    .         Harm     .   h - +2 pair of gloves {archery}
MR       +....                  (no boots)
Stlth    ..........             (no amulet)
HPRegen  0.00/turn              g - ring of poison resistance
MPRegen  0.15/turn              k - ring of protection from magic

@: non-regenerating, diseased
A: no striking features
a: Berserk, Trog's Hand, Brothers in Arms, Renounce Religion


You were on level 1 of the Abyss.
You worshipped Trog.
Trog was extremely pleased with you.
You were not hungry.

You visited 4 branches of the dungeon, and saw 15 of its levels.
You visited the Abyss 1 time.
You also visited: Ossuary and Ice Cave.

You collected 778 gold pieces.
You spent 39 gold pieces at shops.

Inventory:

Hand Weapons
 E - a +0 battleaxe of flaming (weapon)
Armour
 h - a +2 pair of gloves of archery (worn)
 m - a +2 helmet (worn)
 z - a +0 plate armour (worn)
 N - +1 swamp dragon scales
Jewellery
 g - a ring of poison resistance (left hand)
 k - a ring of protection from magic (right hand)
 s - an uncursed ring of protection from cold
Wands
 p - a wand of iceblast (6)
 q - a wand of flame (49)
 A - a wand of paralysis (3)
Scrolls
 f - 2 scrolls of identify
 j - 2 scrolls of enchant armour
 o - 6 scrolls of remove curse
 r - 6 scrolls of teleportation
 u - 2 scrolls of fear
 x - 2 scrolls of fog
 H - a scroll of magic mapping
 M - a scroll of brand weapon
Potions
 a - 3 potions of lignification
 d - a potion of cancellation
 n - 4 potions of curing
 t - a potion of haste
 w - a potion of invisibility
 B - 2 potions of berserk rage
Miscellaneous
 b - a phantom mirror
Comestibles
 c - 18 rations
 i - 3 chunks of flesh


   Skills:
 * Level 11.0 Fighting
 + Level 13.6 Axes
 * Level 10.6 Armour
 * Level 8.0 Dodging
 - Level 4.0 Evocations


You had 12 spell levels left.
You didn't know any spells.
Your spell library was empty.

Dungeon Overview and Level Annotations

Branches:
Dungeon (12/15)            Temple (1/1) D:5            Lair (1/6) D:9
    Orc (1/2) D:11

Altars:
Ashenzari
Cheibriados
Dithmenos
Elyvilon
Fedhas
Gozag
Hepliaklqana
Kikubaaqudgha
Makhleb
Nemelex Xobeh
Okawaru
Qazlal
Ru
Sif Muna
Trog
Uskayaw
Vehumet
Wu Jian
Xom
Yredelemnul
Zin
The Shining One

Shops:
D:4 (   D:5 ?   D:11 (

Annotations:
D:6 3 runed doors, Killmatronix's ghost, novice DDCK; WarriorsX's ghost, novice HuFi
D:9 1 runed door, Tramtrist's ghost, novice DDHu
Lair:1 Sonja
Orc:1 Harold


Message History

You slice the blink frog!! You burn the blink frog.
You kill the blink frog!
Trog accepts your kill.
Your Fighting skill increases to level 11!
Unknown command.
You start resting.
You feel the effects of Trog's Hand fading.
You start resting.
A sixfirhy comes into view.
Unknown command.
Your skin stops crawling.
You feel less resistant to hostile enchantments.
You start resting.
The sixfirhy hits you. The sixfirhy shocks you!
* * * LOW HITPOINT WARNING * * *
You closely miss the sixfirhy. The sixfirhy hits you.
* * * LOW HITPOINT WARNING * * *
The sixfirhy shocks you!
* * * LOW HITPOINT WARNING * * *
The sixfirhy hits you!
You die...

#.# ## .
≈≈. u# #.
...F.#
#... # #.
###.#. # .
# .#. #
###
#§####.##.
# #..##.#
#### #
##.#...# .
#.#.##.# .
##..##@#
###.3##
####


You could see a sixfirhy.

Vanquished Creatures
  3 very ugly things (Abyss:1)
  2 two-headed ogres
  3 death yaks
  An unseen horror (D:11)
  Pikel (D:8)
  A necromancer (IceCv)
  An ugly thing (D:12)
  2 ice statues (IceCv)
  A smoke demon (Abyss:1)
  Joseph (D:8)
  An orange demon (Abyss:1)
  A rime drake (Lair:1)
  2 spiny frogs
  A komodo dragon (Lair:1)
  10 ice devils (IceCv)
  An ancient zyme (Abyss:1)
  2 trolls (D:8)
  A hornet (D:8)
  A blink frog (Abyss:1)
  3 hippogriffs
  A raiju (Abyss:1)
  2 wyverns
  3 shadows
  7 yaks
  A ynoxinul (Abyss:1)
  A wraith (Abyss:1)
  A steam dragon (D:8)
  A soldier ant (D:8)
  3 porcupines
  7 orc warriors
  2 black bears
  A sky beast (D:6)
  A phantom (D:4)
  11 ice beasts
  5 ogres
  4 centaurs
  A crocodile (D:10)
  A big kobold (D:7)
  2 elf zombies (Ossuary)
  7 bullfrogs
  A wyvern skeleton (D:7)
  A water moccasin skeleton (D:7)
  5 scorpions
  15 killer bees
  4 wights
  A spriggan skeleton (Abyss:1)
  2 howler monkeys (D:10)
  4 electric eels (D:9)
  4 crimson imps
  4 bullfrog zombies
  2 centaur zombies (Ossuary)
  A quasit (Abyss:1)
  3 draconian simulacra (IceCv)
  8 hounds
  10 orc priests
  2 jellies
  A bullfrog skeleton (D:6)
  A centaur skeleton (D:4)
  6 iguanas
  Natasha (thrice) (D:3)
  14 orc wizards
  2 hell rats
  2 spriggan simulacra (IceCv)
  9 worker ants
  2 troll simulacra (IceCv)
  2 small abominations (Abyss:1)
  A big kobold zombie (Ossuary)
  3 hound zombies
  A hound skeleton (D:6)
  3 mummies (Ossuary)
  A howler monkey zombie (D:10)
  Robin (D:1)
  A river rat (D:8)
  9 adders
  A naga simulacrum (IceCv)
  2 ogre simulacra (IceCv)
  A shadow imp (D:12)
  4 adder zombies
  2 adder skeletons
  4 leopard geckos
  55 orcs
  5 giant cockroaches
  14 goblins
  4 hobgoblins
  3 jackals (D:4)
  7 kobolds
  6 quokkas
  A ball python (D:5)
  5 bats
  5 frilled lizards
  A gnoll zombie (Ossuary)
  3 goblin zombies
  3 hobgoblin zombies (Ossuary)
  A jackal skeleton (D:5)
  7 jackal zombies
  6 kobold zombies (Ossuary)
  3 orc zombies (Ossuary)
  A quokka skeleton (D:6)
  4 quokka zombies
  5 rats
  3 rat zombies (Ossuary)
  A plant (D:9)
387 creatures vanquished.

Vanquished Creatures (collateral kills)
  Urug (D:10)
  A soldier ant (D:8)
  An ogre (D:8)
  4 killer bees (D:10)
  A worm (D:8)
  A quokka (D:8)
9 creatures vanquished.

Vanquished Creatures (others)
  A slave (D:8)
  2 orc wizards
  An orc (D:8)
  3 plants (D:9)
  2 withered plants (D:9)
9 creatures vanquished.

Grand Total: 405 creatures vanquished

Notes
Turn   | Place    | Note
-------+----------+-------------------------------------------
     0 | D:1      | WarriorsX the Human Berserker began the quest for the Orb.
     0 | D:1      | Reached XP level 1. HP: 18/18 MP: 1/1
   332 | D:1      | Reached XP level 2. HP: 21/24 MP: 2/2
   560 | D:2      | Noticed Robin
   574 | D:1      | Killed Robin
   797 | D:1      | Reached XP level 3. HP: 23/29 MP: 3/3
  1701 | D:2      | Found a faded altar of an unknown god.
  1966 | D:3      | Reached XP level 4. HP: 33/35 MP: 4/4
  2060 | D:3      | Noticed Natasha
  2068 | D:3      | Killed Natasha
  2137 | D:3      | Reached skill level 4 in Axes
  2137 | D:3      | Reached XP level 5. HP: 28/41 MP: 5/5
  2147 | D:3      | Noticed Natasha
  2166 | D:3      | Killed Natasha
  2166 | D:3      | Reached ** piety under Trog
  2197 | D:3      | Noticed Natasha
  2218 | D:3      | Killed Natasha
  2912 | D:3      | Reached XP level 6. HP: 48/48 MP: 6/6
  3281 | D:4      | Found a sand-covered staircase.
  3297 | Ossuary  | Entered an ossuary
  3353 | Ossuary  | Reached skill level 5 in Axes
  3443 | Ossuary  | Reached *** piety under Trog
  3469 | Ossuary  | Reached XP level 7. HP: 39/54 MP: 7/7
  4082 | D:4      | Found a snail-covered altar of Cheibriados.
  4150 | D:4      | Reached skill level 6 in Axes
  4351 | D:4      | Found Dorham's Antique Weapon Shoppe.
  4467 | D:4      | Found an iron altar of Okawaru.
  4492 | D:4      | Found a sacrificial altar of Ru.
  4535 | D:4      | Reached XP level 8. HP: 36/61 MP: 8/8
  4987 | D:5      | Entered Level 5 of the Dungeon
  5009 | D:5      | Found a sparkling altar of Nemelex Xobeh.
  5136 | D:5      | Found a staircase to the Ecumenical Temple.
  5155 | D:5      | Found Umoot's Magic Scroll Boutique.
  5188 | D:5      | Bought a scroll of teleportation for 39 gold pieces
  5322 | D:5      | Reached skill level 7 in Axes
  5408 | Temple   | Entered the Ecumenical Temple
  5796 | D:6      | Reached skill level 5 in Armour
  6020 | D:6      | Reached skill level 5 in Fighting
  6097 | D:6      | Reached **** piety under Trog
  6347 | D:6      | Reached XP level 9. HP: 48/68 MP: 9/9
  6371 | D:6      | Reached skill level 8 in Axes
  6861 | D:6      | Found a bloodstained altar of Trog.
  6931 | D:6      | Found a runed gate.
  6931 | D:6      | Found a runed gate.
  6942 | D:6      | Found a runed gate.
  6949 | D:6      | Noticed Killmatronix's ghost (novice DDCK)
  6950 | D:6      | Noticed WarriorsX's ghost (novice HuFi)
  7425 | D:7      | Reached skill level 9 in Axes
  7652 | D:7      | Found a basalt altar of Yredelemnul.
  7875 | D:7      | Noticed a hippogriff
  7887 | D:7      | Killed a hippogriff
  8188 | D:8      | Noticed a troll
  8279 | D:8      | Killed a troll
  8279 | D:8      | Reached XP level 10. HP: 77/77 MP: 10/10
  8409 | D:8      | Noticed Joseph
  8442 | D:8      | Killed Joseph
  8442 | D:8      | Reached skill level 10 in Axes
  8584 | D:8      | Noticed a two-headed ogre
  8598 | D:8      | Killed a two-headed ogre
  8647 | D:8      | Noticed Pikel
  8660 | D:8      | Killed Pikel
  8810 | D:8      | Reached skill level 5 in Dodging
  8959 | D:8      | Reached XP level 11. HP: 86/86 MP: 11/11
  9122 | D:8      | Reached skill level 11 in Axes
  9392 | D:8      | Found an ornate altar of the Wu Jian Council.
  9978 | D:9      | Noticed a death yak
  9981 | D:9      | Noticed a death yak
 10028 | D:8      | Killed a death yak
 10414 | D:8      | Killed a death yak
 11126 | D:9      | Received a gift from Trog
 11740 | D:9      | Found a staircase to the Lair.
 11740 | D:9      | Noticed a death yak
 11759 | D:9      | Killed a death yak
 11769 | D:9      | Reached skill level 12 in Axes
 11968 | D:9      | Noticed Tramtrist's ghost (novice DDHu)
 11969 | D:9      | Found a runed door.
 12384 | D:10     | Entered Level 10 of the Dungeon
 12423 | D:9      | Reached ***** piety under Trog
 12814 | D:10     | Noticed Urug
 13150 | D:10     | Killed Urug
 13175 | D:10     | Reached XP level 12. HP: 82/96 MP: 12/12
 13546 | D:10     | Reached skill level 1 in Evocations
 13932 | D:10     | Found a sparkling altar of Nemelex Xobeh.
 14291 | D:11     | Found a staircase to the Orcish Mines.
 14315 | D:11     | Received a gift from Trog
 14433 | D:11     | Found Vyfecveted's Antique Weapon Boutique.
 15007 | D:11     | Killed an unseen horror
 15538 | D:12     | Noticed a two-headed ogre
 15544 | D:12     | Killed a two-headed ogre
 15668 | D:12     | Found a frozen archway.
 15741 | IceCv    | Entered an ice cave
 15961 | IceCv    | Reached skill level 10 in Fighting
 17505 | IceCv    | Reached skill level 13 in Axes
 17996 | Orc:1    | Entered Level 1 of the Orcish Mines
 17999 | Orc:1    | Noticed Harold
 18014 | D:11     | Reached XP level 13. HP: 99/104 MP: 16/16
 18065 | Lair:1   | Entered Level 1 of the Lair of Beasts
 18353 | Lair:1   | Noticed Sonja
 18367 | Lair:1   | Cast into level 1 of the Abyss (Sonja)
 18490 | Abyss:1  | Reached skill level 10 in Armour
 18580 | Abyss:1  | Noticed a starcursed mass
 18651 | Abyss:1  | Noticed a white very ugly thing
 18652 | Abyss:1  | Noticed a white very ugly thing
 18677 | Abyss:1  | Noticed a white very ugly thing
 18680 | Abyss:1  | Killed a cyan very ugly thing
 18690 | Abyss:1  | Killed a white very ugly thing
 18698 | Abyss:1  | Killed a red very ugly thing
 18767 | Abyss:1  | Slain by a sixfirhy

Skill      XL: |  1  2  3  4  5  6  7  8  9 10 11 12 13 |
---------------+----------------------------------------+-----
Axes           | 4 5 6 7 9 10 12 13 | 13.6
Armour         | 3 4 5 6 7 8 9 10 | 10.6
Fighting       | 4 5 6 8 9 10 11 | 11.0
Dodging        | 3 5 6 7 8 |  8.0
Evocations     | 4 |  4.0

Action                   |  1- 3 |  4- 6 |  7- 9 | 10-12 | 13-15 || total
-------------------------+-------+-------+-------+-------+-------++-------
Melee: Hand axe          |    89 |   221 |   322 |       |       ||   632
       War axe           |       |       |   211 |    83 |       ||   294
       Battleaxe         |       |       |       |   918 |   107 ||  1025
Invok: Berserk           |     1 |     1 |     2 |    13 |     3 ||    20
       Brothers in Arms  |       |       |     1 |     4 |       ||     5
       Trog's Hand       |       |       |       |     5 |     2 ||     7
Evoke: Wand              |       |       |       |    16 |       ||    16
  Use: Scroll            |       |     5 |     3 |    14 |       ||    22
       Potion            |       |     3 |     2 |     1 |     2 ||     8
 Stab: Paralysed         |       |       |       |     3 |       ||     3
  Eat: Chunk             |     2 |     7 |    14 |    22 |     4 ||    49
       Ration            |       |       |     1 |     8 |     1 ||    10
Armor: Ring mail         |    40 |       |       |       |       ||    40
       Animal skin       |     3 |       |       |       |       ||     3
       Chain mail        |     9 |   129 |   220 |       |       ||   358
       Plate armour      |       |       |   145 |   725 |    80 ||   950
       Swamp dragon scal |       |       |       |       |     1 ||     1
Dodge: Dodged            |    68 |   116 |   215 |   453 |    66 ||   918
